AoeStats
← 鹤锦

Oasis

507747291Analyzed
3v3 RM · 12d ago on Sep 19, 2026· 49m 26s· 6 players
Game mode
Random Map
Map size
Normal (6 player)
Population
200
Speed
Normal
Resources
Standard
Victory
Conquest
Starting age
Dark Age
Ending age
Imperial Age
RankedLock teamsTeams togetherTeam positionsShared explorationLock speedFull tech treeHidden civsTurbo modeCheats
Victory
Defeat
🇨🇳 Spanish · China
761
+14
🇨🇳 Celts · China
751
+14
🇨🇳 Burmese · China
623
+19
🇹🇷 Hindustanis · Türkiye
865
-21
🇹🇷 Britons · Türkiye
630
-28
🇹🇷 Huns · Türkiye
627
-28
我想做个好人
10:01 Feudal Age
10:44 Horse Collar
10:53 Double-Bit Axe
19:53 Castle Age
21:24 Stone Mining
22:18 Forging
24:20 Iron Casting
25:44 Bow Saw
28:15 Gold Mining
29:49 Gold Shaft Mining
31:27 Wheelbarrow
34:52 Town Watch
43:28 Hand Cart
44:37 Loom
46:41 Town Watch
psnb694238
0:28 Loom
18:39 Feudal Age
21:05 Wheelbarrow
20:14 Horse Collar
20:32 Stone Mining
20:33 Gold Mining
27:48 Castle Age
26:05 Scale Mail Armor
26:16 Forging
25:56 Fletching
26:07 Padded Archer Armor
26:13 Scale Barding Armor
27:02 Bloodlines
28:08 Arson
27:44 Man-at-Arms
29:42 Hand Cart
29:36 Heavy Plow
38:06 Imperial Age
36:14 Gold Shaft Mining
35:02 Crossbowman
35:55 Elite Skirmisher
37:32 Pikeman
38:12 Squires
37:33 Long Swordsman
39:45 Heavy Scorpion
40:24 Halberdier
42:35 Chain Barding Armor
42:50 Iron Casting
42:11 Bodkin Arrow
42:31 Chain Mail Armor
43:24 Chemistry
43:12 Crop Rotation
42:18 Two-Handed Swordsman
42:43 Gambesons
43:30 Champion
43:58 Elite Battle Elephant
46:18 Howdah
46:41 Heavy Scorpion
48:39 Onager
鹤锦
12:00 Feudal Age
12:25 Horse Collar
12:33 Double-Bit Axe
21:15 Castle Age
20:29 Stone Mining
22:51 Bow Saw
22:44 Heavy Plow
23:32 Stone Shaft Mining
22:50 Gold Mining
31:56 Imperial Age
37:48 Elite Conquistador
38:51 Conscription
40:02 Husbandry
40:41 Bloodlines
44:49 Two-Man Saw
nogavos
2:44 Loom
12:54 Feudal Age
14:47 Wheelbarrow
14:32 Double-Bit Axe
16:06 Horse Collar
17:58 Town Watch
27:27 Castle Age
26:00 Scale Barding Armor
26:13 Forging
29:16 Bow Saw
29:16 Heavy Plow
29:39 Light Cavalry
31:05 Pikeman
cSc6821
9:23 Feudal Age
11:35 Wheelbarrow
11:01 Man-at-Arms
27:00 Castle Age
27:29 Double-Bit Axe
29:19 Hand Cart
30:32 Gold Mining
31:59 Horse Collar
32:33 Bow Saw
32:32 Padded Archer Armor
32:23 Fletching
34:18 Stone Mining
35:19 Crossbowman
39:16 Leather Archer Armor
41:11 Gold Shaft Mining
41:11 Caravan
yunusseckn
4:13 Loom
10:32 Feudal Age
16:55 Castle Age
15:45 Horse Collar
15:56 Double-Bit Axe
17:48 Stone Mining
19:09 Town Watch
23:02 Gold Mining
29:50 Imperial Age
27:42 Bow Saw
28:58 Wheelbarrow
30:53 Conscription
31:44 Chemistry
31:34 Pikeman
32:14 Squires
33:20 Bloodlines
34:18 Heavy Camel Rider
38:03 Hand Cart
38:36 Gold Shaft Mining
39:42 Imperial Camel Rider
41:00 Town Patrol
42:38 Shatagni
Connection lost

Rejoining the realm…

Still unreachable

The connection could not be restored.

Session expired

The server has moved on; the page needs a fresh start.